 Dungeon Crawl Stone Soup version 0.16-a0-2655-g8d144ff (webtiles) character file.

5350 FishServ the Arsonist (level 10, -5/120 HPs)
             Began as a Demigod Fire Elementalist on Nov 23, 2014.
             Slain by a river rat (8 damage)
             ... on level 1 of the Lair of Beasts.
             The game lasted 00:50:38 (7438 turns).

FishServ the Arsonist (Demigod Fire Elementalist)   Turns: 7438, Time: 00:50:38

Health: -5/120     AC:  6    Str: 18    XL:     10   Next: 16%
Magic:  26/26      EV: 12    Int: 28    God:
Gold:   437        SH:  0    Dex: 16    Spells: 6 memorised, 3 levels left

rFire  . . .     SeeInvis .     a - +4 lajatang
rCold  . . .     Clarity  .     d - +1 robe
rNeg   . . .     SustAb   +     (no shield)
rPois  .         Gourm    .     (no helmet)
rElec  .         Spirit   .     (no cloak)
rCorr  .         Warding  .     o - +2 pair of gloves
rMut   .         Stasis   .     (no boots)
MR     +....                    (no amulet)
Stlth  ..........               (no ring)
                                (no ring)

@: mighty, brilliant, berserking, very slightly contaminated, hasted, very
quick, somewhat resistant to hostile enchantments, extremely unstealthy
A: sustain abilities
a: no special abilities


You were on level 1 of the Lair of Beasts.
You were hungry.

You visited 2 branches of the dungeon, and saw 10 of its levels.

You collected 437 gold pieces.

Inventory:

Hand weapons
 a - a +4 lajatang (weapon)
 H - a +2 rapier
Missiles
 e - 2 curare-tipped needles
 h - 75 stones (quivered)
 m - 2 throwing nets
 p - 35 poisoned needles
 B - 20 tomahawks
Armour
 d - a +1 robe (worn)
 o - a +2 pair of gloves (worn)
Jewellery
 I - a cursed amulet of stasis
Magical devices
 t - a wand of polymorph (7)
 C - a wand of hasting (5)
Scrolls
 g - a scroll of recharging
 j - a scroll of immolation
 k - a scroll of magic mapping {unknown}
 l - a scroll of enchant armour
 w - 3 scrolls of remove curse
Potions
 n - a potion of curing
 q - a potion of restore abilities
 r - a potion of agility
 u - a potion of resistance
 D - a potion of beneficial mutation {unknown}
 F - a potion of brilliance
 G - a potion of mutation {unknown}
 J - a potion of poison {unknown}
 K - a potion of lignification {unknown}
Books
 b - a book of Flames

   Spells                             Type                      Level
   *Flame Tongue                      Conjuration/Fire             1
   Throw Flame                        Conjuration/Fire             2
   *Conjure Flame                     Conjuration/Fire             3
   Inner Flame                        Hexes/Fire                   3
   *Sticky Flame                      Conjuration/Fire             4
   *Fireball                          Conjuration/Fire             5
 f - a book of Enchantments

   Spells                             Type                      Level
   Tukima's Dance                     Hexes                        3
   Cause Fear                         Hexes                        4
   Silence                            Hexes/Air                    5
   Deflect Missiles                   Charms/Air                   6
   Haste                              Charms                       6
   Discord                            Hexes                        8
 E - a book of Battle

   Spells                             Type                      Level
   Infusion                           Charms                       1
   *Shroud of Golubria                Charms/Translocation         2
   Song of Slaying                    Charms                       2
   Spectral Weapon                    Hexes/Charms                 3
   *Regeneration                      Charms/Necromancy            3
Comestibles
 c - 3 bread rations
 s - 2 beef jerkies
 A - 2 chunks of flesh


   Skills:
 + Level 4.3 Fighting
 + Level 5.3 Staves
 - Level 1.7 Dodging
 - Level 1.7 Stealth
 - Level 6.0 Spellcasting
 - Level 6.2 Conjurations
 - Level 9.0 Fire Magic


You had 3 spell levels left.
You knew the following spells:

 Your Spells              Type           Power        Failure   Level  Hunger
a - Flame Tongue          Conj/Fire      #####        1%          1    None
b - Conjure Flame         Conj/Fire      ######..     1%          3    None
c - Sticky Flame          Conj/Fire      ######..     1%          4    ###....
d - Fireball              Conj/Fire      ######....   1%          5    #####..
e - Shroud of Golubria    Chrm/Tloc      ####......   1%          2    None
G - Regeneration          Chrm/Necr      ####......   2%          3    None


Dungeon Overview and Level Annotations

Branches:
Dungeon (9/15)             Temple (0/1) D:5            Lair (1/8) D:9
    Orc: D:9-12

Shops:
D:6 }

Annotations:
D:5 Eustachio
D:6 exclusions: electric eel and 3 more exclusions
D:7 1 exclusion, Blork the orc, Menkaure
Lair:1 tijit's ghost, experienced DrWz


Innate Abilities, Weirdness & Mutations

Your attributes are resistant to harm.


Message History

Magic courses through your body.
It was a potion of magic.
Drink which item? (? for menu, Esc to quit)
A red film seems to cover your vision as you go berserk!
You feel yourself moving faster!
You feel mighty!
It was a potion of berserk rage.
You are too injured to fight recklessly!
You slice the river rat!!
You kill the river rat!
You slice the river rat!!
You kill the river rat!
You are too berserk!
Unknown command.
The river rat bites you.
* * * LOW HITPOINT WARNING * * *
Things that are here:
a river rat corpse x2
You hit the river rat.
The river rat is severely wounded.
The river rat bites you!
You die...

. . ############ .###
#.#r..r.r..## ...##
##....##rr...##
....###..r.#####@...###
#....#..r### ##.....#
##......## #.........
#P.....## #.....##.
###....# #...###
#......# ..###
#......## #..#.
#.......######... #
..#>#....#.#....#


You could see 4 river rats.

Vanquished Creatures
  A black mamba (Lair:1)
  2 spiny frogs (Lair:1)
  A troll (D:9)
  The ghost of tijit the Grave Robber, an average DsNe (D:5)
  A deep elf mage (D:9)
  3 hippogriffs (D:9)
  6 wolves (Lair:1)
  Edmund (D:7)
  A centaur (D:9)
  2 orc warriors
  2 sky beasts
  A black bear (D:9)
  5 ogres
  A crocodile (Lair:1)
  Sigmund (D:7)
  2 giant frogs (D:9)
  A water moccasin zombie (D:6)
  2 goliath beetles
  3 killer bees (D:9)
  3 wights (D:9)
  2 giant frog zombies
  3 orc priests (D:6)
  A jelly (D:7)
  A crimson imp (D:9)
  3 hounds
  4 giant frog skeletons
  2 iguanas
  3 worker ants
  9 orc wizards
  A hound zombie (D:7)
  A mummy (D:9)
  7 gnolls
  6 river rats (Lair:1)
  6 adders
  3 worms
  2 adder skeletons
  2 adder zombies
  4 giant geckos
  27 orcs
  A ball python (D:5)
  A giant cockroach (D:4)
  6 hobgoblins
  11 jackals
  9 quokkas
  5 bats
  4 giant newts
  A giant spore (D:9)
  10 goblins
  5 kobolds
  12 rats
  4 ballistomycetes (D:9)
  A fungus (D:9)
197 creatures vanquished.

Vanquished Creatures (others)
  A giant spore (D:9)
  A fungus (D:9)
2 creatures vanquished.

Grand Total: 199 creatures vanquished

Notes
Turn   | Place    | Note
--------------------------------------------------------------
     0 | D:1      | FishServ, the Demigod Fire Elementalist, began the quest for the Orb.
     0 | D:1      | Reached XP level 1. HP: 14/14 MP: 3/3
    28 | D:1      | Reached skill level 1 in Conjurations
   564 | D:2      | Reached XP level 2. HP: 20/20 MP: 0/4
   667 | D:2      | Reached skill level 3 in Fire Magic
   820 | D:2      | Found a deep blue altar of Sif Muna.
  1031 | D:2      | Found a white marble altar of Elyvilon.
  1038 | D:2      | Found a glowing golden altar of the Shining One.
  1203 | D:3      | Reached XP level 3. HP: 26/26 MP: 0/7
  1210 | D:3      | Learned a level 3 spell: Conjure Flame
  1796 | D:3      | Reached XP level 4. HP: 30/33 MP: 3/9
  1912 | D:4      | Noticed an ogre
  1939 | D:4      | Noticed an ogre
  1945 | D:4      | Killed an ogre
  1945 | D:4      | Reached XP level 5. HP: 38/38 MP: 6/10
  1991 | D:4      | Reached skill level 4 in Conjurations
  2053 | D:4      | Found an iron altar of Okawaru.
  2126 | D:4      | Found a shadowy altar of Dithmenos.
  2493 | D:4      | Killed an ogre
  2493 | D:4      | Reached XP level 6. HP: 45/45 MP: 1/13
  2499 | D:4      | Learned a level 4 spell: Sticky Flame
  2565 | D:5      | Entered Level 5 of the Dungeon
  2565 | D:5      | Found a sparkling altar of Nemelex Xobeh.
  2724 | D:5      | Reached skill level 5 in Conjurations
  2764 | D:5      | Found a radiant altar of Vehumet.
  2794 | D:5      | Found a staircase to the Ecumenical Temple.
  2797 | D:5      | Noticed Eustachio
  2948 | D:5      | Upgraded the game from 0.16-a0-2653-gf29606e to 0.16-a0-2655-g8d144ff
  2999 | D:5      | Noticed tijit's ghost (average DsNe)
  3013 | D:5      | Killed tijit's ghost
  3025 | D:5      | Reached skill level 5 in Fire Magic
  3025 | D:5      | Reached XP level 7. HP: 50/50 MP: 1/15
  3099 | D:5      | Reached skill level 6 in Conjurations
  3556 | D:6      | Found Apaich's Quality Used Wands.
  4409 | D:7      | Noticed Edmund
  4436 | D:7      | Killed Edmund
  4436 | D:7      | Reached XP level 8. HP: 35/57 MP: 4/20
  4611 | D:7      | Noticed a centaur zombie
  4873 | D:7      | Noticed Menkaure
  4937 | D:7      | Learned a level 5 spell: Fireball
  4954 | D:7      | Noticed Sigmund
  4972 | D:7      | Killed Sigmund
  4972 | D:7      | Reached skill level 7 in Fire Magic
  5057 | D:7      | Noticed Blork the orc
  5267 | D:8      | Found a radiant altar of Vehumet.
  5400 | D:8      | Learned a level 2 spell: Shroud of Golubria
  5598 | D:9      | Reached skill level 5 in Spellcasting
  5662 | D:9      | Found a glowing silver altar of Zin.
  5712 | D:9      | Reached skill level 8 in Fire Magic
  5724 | D:9      | Reached XP level 9. HP: 50/62 MP: 2/24
  6267 | D:9      | Learned a level 3 spell: Regeneration
  6286 | D:9      | Reached skill level 1 in Staves
  6434 | D:9      | Reached skill level 9 in Fire Magic
  6458 | D:9      | Reached skill level 1 in Fighting
  6612 | D:9      | Found a staircase to the Lair.
  6729 | Lair:1   | Entered Level 1 of the Lair of Beasts
  6795 | Lair:1   | Noticed a spiny frog
  6802 | Lair:1   | Killed a spiny frog
  6841 | Lair:1   | Noticed a spiny frog
  6851 | Lair:1   | Killed a spiny frog
  6864 | Lair:1   | Found a radiant altar of Vehumet.
  7051 | Lair:1   | HP: 1/70 [wolf (9)]
  7052 | Lair:1   | Reached XP level 10. HP: 12/77 MP: 14/26
  7336 | Lair:1   | Noticed a black mamba
  7380 | Lair:1   | Reached skill level 5 in Staves
  7398 | Lair:1   | Killed a black mamba
  7419 | Lair:1   | Noticed tijit's ghost (experienced DrWz)
  7426 | Lair:1   | HP: 3/79 [river rat (8)]
  7437 | Lair:1   | HP: 3/120 [river rat (4)]
  7438 | Lair:1   | Slain by a river rat

Action                   |  1- 3 |  4- 6 |  7- 9 | 10-12 || total
-------------------------+-------+-------+-------+-------++-------
Melee: Short sword       |     3 |       |       |       ||     3
       Rapier            |    18 |    33 |    34 |       ||    85
       Lajatang          |       |       |    95 |     6 ||   101
Throw: Stone             |    66 |    43 |   124 |     9 ||   242
       Tomahawk          |       |       |     8 |       ||     8
 Cast: Flame Tongue      |    62 |    58 |   223 |    17 ||   360
       Conjure Flame     |       |     2 |    11 |       ||    13
       Sticky Flame      |       |     1 |    40 |     4 ||    45
       Fireball          |       |       |     1 |       ||     1
Evoke: Wand              |       |       |       |     1 ||     1
  Use: Scroll            |     1 |       |    16 |     3 ||    20
       Potion            |     1 |       |     4 |     4 ||     9
 Stab: Sleeping          |     2 |     1 |       |       ||     3
  Eat: Chunk             |     4 |     2 |    18 |     2 ||    26
       Beef jerky        |       |     1 |     1 |       ||     2
       Pizza             |       |       |     1 |       ||     1
